 Dungeon Crawl Stone Soup version 0.27.1-2-g3b301248ec (webtiles) character file.

Game seed: 1523893990589745321

135 Rickety the Charlatan (level 4, -10/36 (39) HPs)
             Began as a Deep Dwarf Artificer on Sept 22, 2021.
             Mangled by an ogre (17 damage)
             ... on level 4 of the Dungeon.
             The game lasted 00:11:15 (2308 turns).

Rickety the Charlatan (Deep Dwarf Artificer)        Turns: 2308, Time: 00:11:16

HP:   -10/36 (39)   AC:  3    Str: 15    XL:     4   Next: 97%
MP:   0/2           EV: 12    Int: 12    God:
Gold: 214           SH:  0    Dex: 14    Spells: 3/3 levels left

rFire    . . .     SeeInvis +   a - +1 mace (venom)
rCold    . . .     Faith    .   (no shield)
rNeg     . . .     Spirit   .   r - +0 leather armour
rPois    .         Reflect  .   (no helmet)
rElec    .         Harm     .   n - scarf {+Inv}
rCorr    .         Rampage  .   (no gloves)
Will     .....                  (no boots)
Stlth    ++........             (no amulet)
HPRegen  0.00/turn              g - ring of see invisible
MPRegen  0.08/turn              (no ring)

@: very slightly contaminated, drained, invisible
A: damage resistance, heal wounds, sense surroundings 1, no regeneration
a: Heal Wounds, Evoke Invisibility


You were on level 4 of the Dungeon.
You visited 1 branch of the dungeon, and saw 4 of its levels.

You collected 214 gold pieces.

Inventory:

Hand Weapons
 a - a +1 mace of venom (weapon)
 b - a +0 hunting sling
 i - a +1 short sword of protection
 p - a +0 club
Missiles
 l - 16 sling bullets
 m - 2 atropa-tipped darts
Armour
 n - a scarf of invisibility (worn)
 r - a +0 leather armour (worn)
Jewellery
 g - a ring of see invisible (left hand)
 q - a +6 ring of intelligence
Wands
 c - a wand of flame (11) (quivered)
 d - a wand of charming (13)
Scrolls
 f - a scroll of fear {unknown}
 h - a scroll of blinking {unknown}
 j - 4 scrolls of teleportation
 k - 4 scrolls of identify
Potions
 o - a potion of haste
 s - a potion of heal wounds
 t - a potion of brilliance {unknown}
Miscellaneous
 e - a piece from Xom's chessboard (8/15)


   Skills:
 + Level 1.8 Fighting
 + Level 3.0 Armour
 + Level 2.3 Dodging
 + Level 2.3 Stealth
 * Level 5.6 Evocations


You had 3 spell levels left.
You didn't know any spells.
Your spell library contained the following spells:

 Spells                   Type           Power      Damage    Failure   Level
 Tukima's Dance           Hex            0%         N/A       77%         3
 Passage of Golubria      Tloc           N/A        N/A       99%         4
 Freezing Cloud           Conj/Ice/Air   0%         6-21      100%        5
 Yara's Violent Unravell  Hex/Tmut       0%         3d3       100%        5
 Simulacrum               Ice/Necr       0%         N/A       100%        6
 Malign Gateway           Summ/Tloc      0%         N/A       100%        7
 Summon Horrible Things   Summ           0%         N/A       100%        8
 Polar Vortex             Ice            0%         N/A       100%        9


Dungeon Overview and Level Annotations

Branches:
Dungeon (4/15)
 Temple: D:4-7

Altars:
Sif Muna


Innate Abilities, Weirdness & Mutations

You are resistant to damage.
You can heal yourself by infusing magical energy.
You passively map a small area around you.
You do not regenerate.


Message History

A quokka comes into view.
A quokka is nearby!
You are too injured to fight recklessly!
The helpless quokka fails to defend itself.
You hit the quokka.
The quokka is poisoned.
The quokka is severely wounded.
You kill the quokka!
Found a stone staircase leading down.
Found a fizzy golden potion.
t - a fizzy golden potion
As you read the scroll labelled NIRCHU RYNLOOBLA, it crumbles to dust.
You feel strangely unstable.
It was a scroll of teleportation.
As you read the scroll labelled XUZU DIAMAO, it crumbles to dust.
It is a scroll of identify.
o - a potion of haste Your surroundings suddenly seem different.
A quokka comes into view.
Found a robe.
You are too injured to fight recklessly!
You are too injured to fight recklessly!
The helpless quokka fails to defend itself.
You thump the quokka!
You kill the quokka!
An ogre comes into view. It is wielding a +0 giant club.
Okay, then.
You feel drained.
You fade into invisibility!
You are very lightly contaminated with residual magic.
The ogre closely misses you.
You hit the ogre.
The ogre is poisoned.
The ogre is lightly wounded.
The ogre hits you with a +0 giant club!
* * * LOW HITPOINT WARNING * * *
You barely miss the ogre.
The ogre is lightly wounded.
The ogre barely misses you.
You hit the ogre.
The ogre looks even sicker.
The ogre is moderately wounded.
The ogre hits you with a +0 giant club!!
You die...

, , * , , * ,
* * *, , , *
, *
*############
, , ,
.........@.#
*
,........##O#
,
#######†#*.#
,* ,* #.# .#
,, #.# .# ,
#.#########
#[.,.. ,
#....<....#
### .., ,
#########.#
*## #.# *


You could see an ogre (very poisoned).

Vanquished Creatures
  Crazy Yiuf (D:2)
  3 adders
  13 orcs (D:3)
  An endoplasm (D:1)
  A giant cockroach (D:2)
  4 goblins
  3 hobgoblins
  12 jackals
  4 quokkas
  8 ball pythons
  5 bats
  2 frilled lizards
  6 kobolds
  A rat (D:3)
64 creatures vanquished.

Vanquished Creatures (collateral kills)
  An orc (D:3)
1 creature vanquished.

Vanquished Creatures (others)
  An orc (D:3)
  A fungus (D:2)
2 creatures vanquished.

Grand Total: 67 creatures vanquished

Notes
Turn   | Place    | Note
-------+----------+-------------------------------------------
     0 | D:1      | Rickety the Deep Dwarf Artificer began the quest for the
                  | Orb.
     0 | D:1      | Reached XP level 1. HP: 16/16 MP: 1/1
   188 | D:1      | Reached XP level 2. HP: 24/24 MP: 1/1
   292 | D:1      | Found a faded altar of an unknown god.
   485 | D:1      | Reached skill level 1 in Fighting
   618 | D:1      | Reached skill level 5 in Evocations
  1105 | D:2      | Reached XP level 3. HP: 22/31 MP: 1/1
  1433 | D:2      | Found a runed translucent door.
  1434 | D:2      | Noticed Crazy Yiuf
  1504 | D:2      | Killed Crazy Yiuf
  1505 | D:2      | Reached XP level 4. HP: 5/38 MP: 2/2
  1662 | D:3      | Found a shimmering blue altar of Sif Muna.
  2304 | D:4      | Noticed an ogre
  2308 | D:4      | Mangled by an ogre

Illustrated notes

Levels and vault maps discovered:
D:1:      eino_arrival_cavern_e, layout_loops_corners,
          ebering_ecumenical_altar_hall
D:2:      layout_basic, uniq_crazy_yiuf_cottage
D:3:      layout_rooms, amcnicky_altar_gilded
D:4:      lemuel_castle_with_subvaults [lemuel_castle_interior_carwin_3],
          layout_loops_ring, chequers_serial_rivers_small_b

Skill      XL: |  1  2  3  4 |
---------------+-------------+-----
Fighting       | 1 |  1.8
Evocations     | 5 |  5.6
Stealth        | 2 |  2.3
Dodging        | 2 |  2.3
Armour         | 3 |  3.0

Action                   |  1- 3 |  4- 6 || total
-------------------------+-------+-------++-------
Melee: Club              |    68 |       ||    68
       Short sword       |   127 |    52 ||   179
       Mace              |       |     8 ||     8
 Fire: Hunting sling     |       |    12 ||    12
 Abil: Heal Wounds       |     3 |     1 ||     4
       Evoke Invisibilit |       |     1 ||     1
Evoke: Piece from Xom's  |     9 |     3 ||    12
       Wand              |     2 |     4 ||     6
  Use: Scroll            |       |     2 ||     2
 Stab: Sleeping          |     4 |     2 ||     6
       Distracted        |     1 |       ||     1
Armor: Leather armour    |    79 |    16 ||    95
Dodge: Dodged            |   141 |    39 ||   180
